 Dungeon Crawl Stone Soup version 0.28-a0-750-g7c675f85b1 (webtiles) character file.

Game seed: 13392210820307109151

4 ytrimaz the Stinger (level 1, 15/15 HPs)
             Began as a Naga Venom Mage on Oct 30, 2021.
             Quit the game on level 1 of the Dungeon.
             The game lasted 00:00:28 (156 turns).

ytrimaz the Stinger (Naga Venom Mage)                Turns: 156, Time: 00:00:29

Health: 15/15      AC:  1    Str: 10    XL:     1   Next: 70%
Magic:  3/3        EV: 10    Int: 15    God:
Gold:   0          SH:  0    Dex: 11    Spells: 3/4 levels left

rFire   . . .      SeeInvis +   (no weapon)
rCold   . . .      Faith    .   (no shield)
rNeg    . . .      Spirit   .   a - +0 robe
rPois   +          Reflect  .   (no helmet)
rElec   .          Harm     .   (no cloak)
rCorr   .          Rampage  .   (no gloves)
Will    .....                   (no barding)
Stlth   ++........              (no amulet)
HPRegen 0.05/turn               (no ring)
MPRegen 0.08/turn               (no ring)

@: very slow
A: AC +0, large, see invisible, deformed body, poison resistance, slowness 2,
spit poison 1, naga tail 1
a: Spit Poison


You were on level 1 of the Dungeon.
You visited 1 branch of the dungeon, and saw 1 of its levels.

Inventory:

Armour
 a - a +0 robe (worn)
Scrolls
 b - a scroll of identify {unknown}
Potions
 c - a potion of resistance {unknown}


   Skills:
 + Level 1.7 Dodging
 + Level 3.0 Stealth
 + Level 2.0 Spellcasting
 + Level 1.0 Transmutations
 + Level 4.2 Poison Magic


You had 3 spell levels left.
You knew the following spells:

 Your Spells              Type           Power      Damage    Failure   Level
a - Sting                 Tmut/Pois      36%        1d4       8%          1

Your spell library contained the following spells:

 Spells                   Type           Power      Damage    Failure   Level
 Poisonous Vapours        Pois/Air       14%        N/A       14%         2
 Mephitic Cloud           Conj/Pois/Air  5%         N/A       36%         3
 Olgreb's Toxic Radiance  Pois           14%        N/A       36%         4


Dungeon Overview and Level Annotations

Branches:
Dungeon (1/15)

Altars:


Innate Abilities, Weirdness & Mutations

Your serpentine skin is tough. (AC +0)
You have supernaturally acute eyesight. (SInv)
Armour fits poorly on your strangely shaped body.
Your system is resistant to poisons. (rPois)
You cover ground very slowly.
You can spit poison.
You have a snake-like lower body.


Message History

You can't see any susceptible monsters within range! (Use Z to cast anyway.)
The kobold throws a stone.
The stone barely misses you.
The sting misses the kobold.
The sting hits the kobold.
The kobold is poisoned.
You kill the kobold!
You can't see any susceptible monsters within range! (Use Z to cast anyway.) HP restored.
Found a green potion.
Things that are here:
a +0 short sword; a stone; a kobold corpse
Found 32 stones.
c - a green potion
Found a stone staircase leading down.
A bat and a giant cockroach come into view.
There are monsters nearby!
There are monsters nearby!
The sting hits the giant cockroach.
The giant cockroach is poisoned.
The giant cockroach is lightly wounded.
The sting misses the giant cockroach.
The giant cockroach bites you.
The sting hits the giant cockroach.
The giant cockroach looks even sicker.
You kill the giant cockroach!
You are too depleted to draw on your mana recklessly!
You see here a giant cockroach corpse.
You are too depleted to draw on your mana recklessly!
A bat is nearby!
The bat hits you but does no damage.
You are too depleted to draw on your mana recklessly!
Press: ? - help, Shift-Dir - straight line, f - bat
Aim: a bat The splash of poison hits the bat!
You kill the bat!
Unknown command.
You start resting.
You have got your breath back.
You start resting.
HP restored.
You start resting.
Magic restored.
You see here a giant cockroach corpse.
Are you sure you want to abandon this character and quit the game? (Confirm with "yes".)

#. #.....##.#
...#.##..#..#
..#.##..#..######.
#.#.##..#.........
####.#.##..##.#####
+.................#
####...######.##.###
.##.................#
.##.#...########@#..#
.##.#...............#
.##.#....#######..†.#
.##.#..............##
.##.#............#..#
.##.###.#.######.#.##
.##.#..........#....
.##.#.##...###.#...##
.......#...# #...#


There were no monsters in sight!

Vanquished Creatures
  2 bats (D:1)
  A giant cockroach (D:1)
  A kobold (D:1)
4 creatures vanquished.

Notes
Turn   | Place    | Note
-------+----------+-------------------------------------------
     0 | D:1      | ytrimaz the Naga Venom Mage began the quest for the Orb.
     0 | D:1      | Reached XP level 1. HP: 15/15 MP: 3/3
   156 | D:1      | Quit the game

Illustrated notes

Levels and vault maps discovered:
D:1:      roderic_octagonal_star, layout_basic

Action                   || total
-------------------------++-------
 Cast: Sting             ||     6
 Abil: Spit Poison       ||     1
Armor: Robe              ||     1
Dodge: Dodged            ||     1

Table legend: (Time is in decaauts)
 A = Elapsed time spent in this place.
 B = Non-inter-level travel time spent in this place.
 C = Inter-level travel time spent in this place.
 D = Time resting spent in this place.
 E = Time spent auto-exploring this place.
 F = Levels seen in this place.
 G = Mean time per level.
                   A        B        C        D        E       F      G
               +--------+--------+--------+--------+--------+-----+--------+
         Total |    190 |    190 |      0 |     29 |    125 |   1 |  190.0 |
       Dungeon |    190 |    190 |      0 |     29 |    125 |   1 |  190.0 |
               +--------+--------+--------+--------+--------+-----+--------+

Top non-repeatable levels by time:
     D:1: 190 daAuts
